 Dungeon Crawl Stone Soup version 0.26-a0-712-ga5a9c9c9d0 (webtiles) character file.

Game seed: 10582710553238508490

10623 Azzok the Severer (level 11, -1/75 HPs)
             Began as a Demonspawn Berserker on Nov 4, 2020.
             Was a High Priest of Trog.
             Slain by a hell rat (6 damage)
             ... on level 11 of the Dungeon.
             The game lasted 00:15:04 (14137 turns).

Azzok the Severer (Demonspawn Berserker)           Turns: 14137, Time: 00:15:04

Health: -1/75      AC: 13    Str: 21    XL:     11   Next: 38%
Magic:  11/11      EV:  6    Int:  9    God:    Trog [*****.]
Gold:   136        SH:  0    Dex: 12    Spells: 10/10 levels left

rFire    . . .     SeeInvis .   H - +1 battleaxe (elec)
rCold    . . .     Faith    .   (shield currently unavailable)
rNeg     . . .     Spirit   .   A - +0 plate armour
rPois    +         Reflect  .   (helmet restricted)
rElec    .         Harm     .   (no cloak)
rCorr    .         Rampage  .   s - +0 pair of gloves
MR       ++...                  (no boots)
Stlth    ..........             (no amulet)
HPRegen  1.22/turn              B - ring of poison resistance
MPRegen  0.12/turn              (no ring)

@: berserk cooldown, regenerating, slowed, very slow
A: antennae 1, spiny 2, sharp scales 2
a: Berserk, Trog's Hand, Brothers in Arms, Renounce Religion


You were on level 11 of the Dungeon.
You worshipped Trog.
Trog was extremely pleased with you.
You visited 1 branch of the dungeon, and saw 11 of its levels.

You collected 654 gold pieces.
You spent 518 gold pieces at shops.

Inventory:

Hand Weapons
 a - a +3 vorpal battleaxe
 g - a +0 short sword of draining
 p - a +3 dagger of venom
 H - a +1 battleaxe of electrocution (weapon)
Missiles
 j - 3 throwing nets (quivered)
Armour
 s - a +0 pair of gloves (worn)
 A - a +0 plate armour (worn)
Jewellery
 n - an uncursed ring of magical power {unknown}
 B - a ring of poison resistance (left hand)
 C - a +4 ring of evasion {unknown}
Wands
 u - a wand of enslavement (1)
 D - a wand of digging (7)
 E - a wand of iceblast (5)
 J - a wand of paralysis (7)
Scrolls
 d - 9 scrolls of remove curse
 f - 2 scrolls of teleportation
 h - 2 scrolls of enchant weapon {unknown}
 i - a scroll of noise {unknown}
 k - 4 scrolls of fear
 l - 16 scrolls of identify
 q - 5 scrolls of magic mapping
 r - a scroll of fog {unknown}
 x - 3 scrolls of immolation
 y - 3 scrolls of amnesia {unknown}
 F - a scroll of torment {unknown}
 K - a scroll of holy word {unknown}
Potions
 b - 3 potions of degeneration {unknown}
 c - 4 potions of cancellation {unknown}
 e - 7 potions of curing {unknown}
 m - 3 potions of heal wounds
 o - 3 potions of lignification {unknown}
 t - 2 potions of berserk rage
 v - 2 potions of mutation {unknown}
 w - 3 potions of flight {unknown}
 z - 3 potions of brilliance {unknown}
 G - 2 potions of might {unknown}
 I - a potion of haste {unknown}


   Skills:
 - Level 3.0 Fighting
 + Level 15.8 Axes
 - Level 1.7 Armour
 - Level 1.7 Dodging


You had 10 spell levels left.
You didn't know any spells.
Your spell library was empty.

Dungeon Overview and Level Annotations

Branches:
Dungeon (11/15)            Temple (0/1) D:7             Orc (0/2) D:9
   Lair: D:8-11

Altars:
Ashenzari
Elyvilon
Gozag
Hepliaklqana
Kikubaaqudgha
Okawaru
Uskayaw
Vehumet
Xom
The Shining One

Shops:
D:5 (**?   D:6 *


Innate Abilities, Weirdness & Mutations

You have a pair of small antennae on your head.
You are mostly covered in sharp spines.
You are mostly covered in razor-sharp scales. (AC +2, Slay +2)


Message History

* * * LOW HITPOINT WARNING * * *
The worker ant is struck by your spines.
The worker ant bites you but does no damage.
The death yak gores you but does no damage.
You slice the worker ant!!
You kill the worker ant!
Trog accepts your kill.
You slash the death yak! The death yak gores you!
* * * LOW HITPOINT WARNING * * *
The bullfrog zombie is struck by your spines.
The bullfrog zombie hits you but does no damage.
You barely miss the death yak.
The death yak is almost dead.
You barely miss the bullfrog zombie.
The bullfrog zombie hits you but does no damage.
The death yak is struck by your spines.
You kill the death yak!
Trog accepts your kill. The hell rat is struck by your spines.
The hell rat bites you.
You die...

···$······
Z ········
·· ······▒
···
·····▒···Y
▒·········
▒······▒▒·
▒rZ·······
╬r▒▒······
▒@▒ ·····
▒·▒ ····
▒▒·▒ D··
▒▒··▒ ··
▒▒··▒▒ ·
▒╬▒▒▒···▒
····▒·)·▒ ▒
▒·▒·▒···▒
╬·▒[▒·'···▒


You could see a hell rat, a river rat and a bullfrog zombie.

Vanquished Creatures
  3 death yaks (D:11)
  Nergalle (D:11)
  A cyclops (D:11)
  A kobold demonologist (D:11)
  Prince Ribbit (D:5)
  A hornet (D:7)
  3 wyverns
  2 shadows (D:9)
  4 yaks (D:9)
  A basilisk (D:9)
  Duvessa (D:4)
  An acid dragon (D:11)
  A water moccasin (D:11)
  6 orc warriors
  5 sky beasts
  5 phantoms
  5 ogres
  An ice beast (D:11)
  3 centaurs
  Blork the orc (D:5)
  Dowan (D:4)
  2 bullfrogs (D:9)
  2 gnoll sergeants (D:9)
  A scorpion (D:9)
  4 troll zombies (D:9)
  12 wights
  3 electric eels (D:8)
  A howler monkey (D:8)
  3 bullfrog zombies
  11 hounds
  6 orc priests
  3 jellies
  10 orc wizards
  2 bullfrog skeletons
  4 centaur skeletons
  Ijyb (D:3)
  Terence (D:2)
  2 iguanas
  A hell rat (D:11)
  4 worker ants
  4 ogre zombies (D:9)
  A hound skeleton (D:9)
  2 worker ant zombies
  14 adders
  16 gnolls
  A shadow imp (D:9)
  A white imp (D:6)
  4 ufetubi
  An ooze (D:5)
  2 adder skeletons
  2 adder zombies
  5 worms
  A dart slug (D:1)
  5 leopard geckos
  53 orcs
  4 ball pythons
  9 giant cockroaches
  11 goblins
  8 hobgoblins
  4 jackals (D:6)
  3 quokkas
  5 bats (D:1)
  4 frilled lizards
  3 goblin zombies (D:9)
  5 hobgoblin zombies (D:9)
  A jackal skeleton (D:5)
  11 kobolds
  An orc skeleton (D:9)
  16 orc zombies (D:9)
  12 rats
330 creatures vanquished.

Vanquished Creatures (others)
  An electric eel (D:8)
  A white imp (D:8)
2 creatures vanquished.

Grand Total: 332 creatures vanquished

Notes
Turn   | Place    | Note
-------+----------+-------------------------------------------
     0 | D:1      | Azzok the Demonspawn Berserker began the quest for the Orb.
     0 | D:1      | Reached XP level 1. HP: 18/18 MP: 1/1
    29 | D:1      | Reached skill level 3 in Axes
    41 | D:1      | Gained mutation: You have a pair of small antennae on your
                  | head. [demonic ancestry]
    41 | D:1      | Reached XP level 2. HP: 11/24 MP: 2/2
   581 | D:1      | Reached ** piety under Trog
   663 | D:1      | Reached XP level 3. HP: 27/29 MP: 3/3
  1138 | D:2      | Reached skill level 4 in Axes
  1566 | D:2      | Gained mutation: You are partially covered in sharp spines.
                  | [demonic ancestry]
  1566 | D:2      | Reached XP level 4. HP: 20/35 MP: 4/4
  2294 | D:3      | Noticed an orc warrior
  2303 | D:3      | Killed an orc warrior
  2303 | D:3      | Reached skill level 5 in Axes
  2303 | D:3      | Gained mutation: You are mostly covered in sharp spines.
                  | [demonic ancestry]
  2303 | D:3      | Reached XP level 5. HP: 41/41 MP: 5/5
  2423 | D:3      | Noticed Ijyb
  2437 | D:3      | Killed Ijyb
  2437 | D:3      | Reached skill level 6 in Axes
  2528 | D:3      | Reached *** piety under Trog
  2775 | D:3      | Reached XP level 6. HP: 46/47 MP: 6/6
  2848 | D:3      | Noticed Terence
  2848 | D:3      | Noticed Sigmund
  2861 | D:3      | Noticed Sigmund
  2933 | D:2      | Killed Sigmund the jelly
  2984 | D:2      | Killed Terence
  3215 | D:3      | Reached skill level 7 in Axes
  3704 | D:4      | Reached XP level 7. HP: 52/52 MP: 7/7
  4062 | D:4      | Reached skill level 8 in Axes
  4248 | D:4      | Reached **** piety under Trog
  4569 | D:4      | Found an iron altar of Okawaru.
  4570 | D:4      | Found a glowing golden altar of the Shining One.
  4570 | D:4      | Found a shimmering altar of Xom.
  4572 | D:4      | Found a hide-covered altar of Uskayaw.
  4572 | D:4      | Found a broken altar of Ashenzari.
  4573 | D:4      | Noticed Duvessa
  4583 | D:4      | Noticed Dowan
  4591 | D:4      | Killed Duvessa
  4601 | D:4      | Killed Dowan
  4857 | D:4      | Found an opulent altar of Gozag.
  4857 | D:4      | Found a radiant altar of Vehumet.
  4858 | D:4      | Found a hazy altar of Hepliaklqana.
  4904 | D:4      | Found a white marble altar of Elyvilon.
  5226 | D:5      | Entered Level 5 of the Dungeon
  5244 | D:5      | Reached skill level 9 in Axes
  5244 | D:5      | Gained mutation: You are partially covered in razor-sharp
                  | scales. (AC +1, Slay +1) [demonic ancestry]
  5244 | D:5      | Reached XP level 8. HP: 53/58 MP: 8/8
  5406 | D:5      | Found an ancient bone altar of Kikubaaqudgha.
  5483 | D:5      | Found Mikam's Assorted Antiques.
  5491 | D:5      | Found Qegaeq's Antique Weapon Emporium.
  5958 | D:5      | Found Nacwuusa's Assorted Antiques.
  6160 | D:5      | Noticed Prince Ribbit
  6168 | D:5      | Killed Prince Ribbit
  6168 | D:5      | Reached skill level 10 in Axes
  6290 | D:5      | Found Fyviss's Magic Scroll Shoppe.
  6294 | D:5      | Bought a scroll of identify for 26 gold pieces
  6294 | D:5      | Bought a scroll of teleportation for 39 gold pieces
  6294 | D:5      | Bought a scroll of fear for 45 gold pieces
  6294 | D:5      | Bought a scroll of magic mapping for 45 gold pieces
  6294 | D:5      | Bought a scroll of immolation for 45 gold pieces
  6982 | D:6      | Noticed Blork the orc
  7018 | D:5      | Killed Blork the orc
  7028 | D:5      | Reached skill level 11 in Axes
  7028 | D:5      | Reached XP level 9. HP: 11/63 MP: 9/9
  7340 | D:6      | Found Fixtas's General Store.
  7371 | D:6      | Bought 2 scrolls of identify for 52 gold pieces
  7602 | D:6      | Reached ***** piety under Trog
  8160 | D:7      | Reached skill level 12 in Axes
  8973 | D:7      | Found a staircase to the Ecumenical Temple.
  9703 | D:8      | Reached skill level 13 in Axes
  9812 | D:8      | Gained mutation: You are mostly covered in razor-sharp
                  | scales. (AC +2, Slay +2) [demonic ancestry]
  9812 | D:8      | Reached XP level 10. HP: 62/70 MP: 10/10
 11494 | D:9      | Found a staircase to the Orcish Mines.
 11917 | D:5      | Bought a runed battleaxe for 266 gold pieces
 12214 | D:9      | Received a gift from Trog
 12217 | D:9      | Reached skill level 14 in Axes
 13273 | D:10     | Entered Level 10 of the Dungeon
 14005 | D:11     | Reached skill level 15 in Axes
 14074 | D:11     | Noticed a cyclops
 14078 | D:11     | Killed a cyclops
 14078 | D:11     | Reached XP level 11. HP: 75/75 MP: 11/11
 14081 | D:11     | Noticed Nergalle
 14087 | D:11     | Killed Nergalle
 14096 | D:11     | Noticed a death yak
 14096 | D:11     | Noticed a death yak
 14121 | D:11     | Killed a death yak
 14122 | D:11     | Noticed a death yak
 14125 | D:11     | Killed a death yak
 14135 | D:11     | HP: 1/75 [death yak (17)]
 14136 | D:11     | Killed a death yak
 14137 | D:11     | Slain by a hell rat

Illustrated notes

Levels and vault maps discovered:
D:1:      dpeg_arrival_orchard, layout_basic
D:2:      layout_basic
D:3:      layout_loops_cross, uniq_terence, uniq_ijyb, uniq_sigmund
D:4:      minmay_skewed_foursquare, layout_gridville,
          grunt_temple_overflow_open, kennysheep_mini, uniq_duvessa
D:5:      layout_basic, serial_shops, shop, shop, shop, shop, basic_altar,
          lightli_corner_chamber, uniq_prince_ribbit1
D:6:      layout_rooms, minmay_shop_grid_forest, uniq_blork_the_orc
D:7:      layout_basic, temple_hall
D:8:      layout_basic, serial_glass, glass_columns_a, glass_columns_b
D:9:      layout_basic, zombieorc2_lemuel
D:10:     layout_rooms, serial_curves, eino_curves_01, eino_curves_01,
          eino_curves_04, eino_curves_03, kennysheep_generic_room_13
D:11:     minmay_the_grid_octo_tiled_octocenter [minmay_the_grid_octo_odd_swirl,
          minmay_the_grid_octo_teeth, minmay_the_grid_octo_empty,
          minmay_the_grid_octo_thin_diamonds,
          minmay_the_grid_octo_prize_ultimate_mussel_roller,
          minmay_the_grid_square_5x5_comb, minmay_the_grid_square_5x5_six_small,
          minmay_the_grid_square_5x5_doubleslash,
          minmay_the_grid_square_5x5_eight], layout_long_grid,
          dpeg_lair_monsters, serial_co_window_serial,
          co_window_of_opportunity_a, co_window_of_opportunity_a,
          co_window_paths_a, co_window_paths_a, co_window_paths_a,
          co_window_paths_a, co_window_broadway_b, co_window_cross_2,
          co_window_paths_d, kennysheep_generic_room_5, uniq_nergalle

Skill      XL: |  1  2  3  4  5  6  7  8  9 10 |
---------------+-------------------------------+-----
Axes           | 3 4 5 6 7 9 11 13 15 | 15.8
Fighting       | |  3.0
Armour         | |  1.7
Dodging        | |  1.7

Action                   |  1- 3 |  4- 6 |  7- 9 | 10-12 || total
-------------------------+-------+-------+-------+-------++-------
Melee: Hand axe          |    32 |       |       |       ||    32
       Short sword       |   105 |    17 |       |       ||   122
       Dagger            |       |    66 |   330 |    57 ||   453
       Battleaxe         |       |     6 |    33 |   161 ||   200
Invok: Berserk           |       |     2 |     3 |     5 ||    10
       Trog's Hand       |       |       |       |     1 ||     1
Evoke: Wand              |       |       |     6 |     4 ||    10
  Use: Scroll            |       |       |     1 |       ||     1
 Stab: Sleeping          |     2 |     1 |       |       ||     3
       Distracted        |       |     1 |       |       ||     1
Armor: Animal skin       |     5 |       |       |       ||     5
       Ring mail         |    38 |     5 |       |       ||    43
       Chain mail        |       |    32 |    43 |       ||    75
       Plate armour      |       |       |   132 |   129 ||   261
Dodge: Dodged            |   103 |    24 |   108 |    70 ||   305

Table legend: (Time is in decaauts)
 A = Elapsed time spent in this place.
 B = Non-inter-level travel time spent in this place.
 C = Inter-level travel time spent in this place.
 D = Time resting spent in this place.
 E = Time spent auto-exploring this place.
 F = Levels seen in this place.
 G = Mean time per level.
                   A        B        C        D        E       F      G
               +--------+--------+--------+--------+--------+-----+--------+
         Total |  14246 |  13822 |    424 |   2510 |   9171 |  11 | 1295.1 |
       Dungeon |  14246 |  13822 |    424 |   2510 |   9171 |  11 | 1295.1 |
               +--------+--------+--------+--------+--------+-----+--------+

Top non-repeatable levels by time:
     D:8: 2361 daAuts
     D:5: 1702 daAuts
     D:9: 1581 daAuts
     D:4: 1573 daAuts
     D:3: 1301 daAuts
     D:6: 1296 daAuts
     D:2: 1271 daAuts
     D:7: 1163 daAuts
     D:1: 1129 daAuts
    D:10: 644 daAuts
    D:11: 220 daAuts
